 Dungeon Crawl Stone Soup version 0.17.1-2-g5865329 (webtiles) character file.

113 Jerry the Vexing (level 4, 0/30 HPs)
             Began as a Mummy Enchanter on Feb 1, 2016.
             Slain by a sky beast (5 damage)
             ... on level 4 of the Dungeon.
             The game lasted 00:08:55 (2935 turns).

Jerry the Vexing (Mummy Enchanter)                  Turns: 2935, Time: 00:08:55

Health: 0/30       AC: 11    Str: 11    XL:     4   Next: 65%
Magic:  7/7        EV:  2    Int: 15    God:
Gold:   124        SH:  0    Dex: 12    Spells: 1 memorised, 6 levels left

rFire  x x .     SeeInvis .     a - +1 dagger
rCold  + + .     Clarity  .     e - +0 plate armour
rNeg   + + +     SustAt   .     (no shield)
rPois  ∞         Gourm    .     (no helmet)
rElec  .         Spirit   .     (no cloak)
rCorr  .         Warding  .     l - +0 pair of gloves
rMut   .         Stasis   .     (no boots)
MR     .....                    (no amulet)
Stlth  ..........               (no ring)
                                k - ring of ice

@: not resistant to hostile enchantments, extremely unstealthy
A: no food or potions, fire vulnerability, cold resistance 1, negative energy
resistance 3, torment resistance, unbreathing
a: no special abilities


You were on level 4 of the Dungeon.
You were not hungry.

You visited 1 branch of the dungeon, and saw 5 of its levels.

You collected 124 gold pieces.

Inventory:

Hand Weapons
 a - a +1 dagger (weapon)
 q - a +4 dagger
Armour
 b - a +1 robe
 e - a +0 plate armour (worn)
 l - a +0 pair of gloves (worn)
 o - a +0 pair of boots
Jewellery
 k - a ring of ice (left hand)
Wands
 m - a wand of slowing (34)
Scrolls
 d - a scroll of enchant weapon {unknown}
 f - a scroll of noise {unknown}
 h - a scroll of immolation {unknown}
 i - 2 scrolls of identify {unknown}
 j - 2 scrolls of remove curse {unknown}
 n - 2 scrolls of teleportation {unknown}
 p - a scroll of random uselessness {unknown}
Books
 c - a book of Maledictions

   Spells                             Type                      Level
   a - Corona                         Hexes                        1
   b - Ensorcelled Hibernation        Hexes/Ice                    2
   c - Confuse                        Hexes                        3
   d - Tukima's Dance                 Hexes                        3
   e - Dazzling Spray                 Conjuration/Hexes            3


   Skills:
 + Level 2.2 Short Blades
 + Level 1.9 Armour
 - Level 2.4 Dodging
 - Level 2.4 Stealth
 - Level 2.0 Spellcasting
 - Level 2.6 Hexes


You had 6 spell levels left.
You knew the following spells:

 Your Spells              Type           Power        Failure   Level  Hunger
a - Corona                Hex            #......      100%        1    N/A

Dungeon Overview and Level Annotations

Branches:
Dungeon (5/15)
 Temple: D:4-7

Altars:
Okawaru


Innate Abilities, Weirdness & Mutations

You do not eat or drink.
Your flesh is vulnerable to fire.
You are immune to poison.
Your flesh is cold resistant.
You are immune to negative energy.
You are immune to unholy pain and torment.
You can survive without breathing.


Message History

The orc hits you but does no damage. x2
Something hits you but does no damage.
You hit the orc.
You kill the orc!
The orc barely misses you. The worker ant completely misses you.
You hit the orc.
The orc is moderately wounded.
Something hits you but does no damage. The orc hits you but does no damage.
The worker ant bites you but does no damage.
You hit the orc but do no damage.
The orc is moderately wounded.
Something hits you but does no damage. The orc hits you but does no damage.
The worker ant bites you.
* * * LOW HITPOINT WARNING * * *
You hit the orc but do no damage.
The orc is moderately wounded.
Something hits you.
* * * LOW HITPOINT WARNING * * *
Something shocks you.
You die...

#.# ... #.# ##.#
#?.# #..# #..#
###.#.a######.#
.......{@)......
####...o###.##.#
#..... ##..##
#.. #.. #.. #.


You could see a worker ant and an orc.

Vanquished Creatures
  4 adders (D:2)
  2 oozes
  2 worms
  3 giant geckos
  3 orcs
  A ball python (D:2)
  6 bats
  2 giant cockroaches
  8 goblins (D:1)
  5 hobgoblins
  3 jackals (D:3)
  9 giant newts
  5 kobolds
  6 rats
59 creatures vanquished.

Notes
Turn   | Place    | Note
--------------------------------------------------------------
     0 | D:1      | Jerry the Mummy Enchanter began the quest for the Orb.
     0 | D:1      | Reached XP level 1. HP: 13/13 MP: 3/3
    47 | D:1      | Reached skill level 1 in Short Blades
   391 | D:1      | Reached XP level 2. HP: 14/19 MP: 5/5
   935 | D:1      | Reached skill level 1 in Armour
  1011 | D:1      | Reached XP level 3. HP: 22/24 MP: 6/6
  1671 | D:2      | Found a faded altar to an unknown god.
  1764 | D:2      | Reached XP level 4. HP: 16/30 MP: 7/7
  2320 | D:2      | Found an iron altar of Okawaru.
  2919 | D:5      | Entered Level 5 of the Dungeon
  2919 | D:5      | Noticed a sky beast
  2935 | D:4      | Slain by a sky beast

Action                   |  1- 3 |  4- 6 || total
-------------------------+-------+-------++-------
Melee: Dagger            |   253 |   174 ||   427
